 Dungeon Crawl Stone Soup version 0.18.1-50-g88ac8fd (webtiles) character file.

51 Nordron the Changer (level 3, 0/23 HPs)
             Began as an Octopode Transmuter on Oct 3, 2016.
             Succumbed to an adder's poison
             ... on level 2 of the Dungeon.
             The game lasted 00:03:35 (1464 turns).

Nordron the Changer (Octopode Transmuter)           Turns: 1464, Time: 00:03:35

Health: 0/23       AC:  1    Str:  9    XL:     3   Next: 81%
Magic:  6/6        EV: 12    Int: 15    God:
Gold:   64         SH:  0    Dex: 13    Spells: 2 memorised, 2 levels left

rFire  . . .     SeeInvis .     j - +0 spear
rCold  . . .     Gourm    .     (no shield)
rNeg   . . .     Faith    .     (helmet restricted)
rPois  .         Spirit   .     (no amulet)
rElec  .         Dismiss  .     (no ring)
rCorr  .         Reflect  .     (no ring)
SustAt .         Harm     .     (no ring)
MR     .....                    (no ring)
Stlth  ++........               (no ring)
                                (no ring)
                                (no ring)
                                (no ring)

@: lethally poisoned (0 -> -8), not resistant to hostile enchantments,
unstealthy
A: almost no armour, amphibious, 8 rings, constrict 8, camouflage 1, gelatinous
body 1
a: no special abilities


You were on level 2 of the Dungeon.
You were not hungry.

You visited 1 branch of the dungeon, and saw 2 of its levels.

You collected 64 gold pieces.

Inventory:

Hand Weapons
 i - a +1 vampiric whip
 j - a +0 spear (weapon)
Missiles
 a - 12 arrows
Jewellery
 l - an uncursed ring of resist corrosion {unknown}
Scrolls
 e - a scroll of random uselessness {unknown}
 f - 2 scrolls of identify {unknown}
 h - a scroll of immolation {unknown}
 k - a scroll of remove curse {unknown}
Books
 b - a book of Changes

   Spells                             Type                      Level
   a - Beastly Appendage              Transmutation                1
   b - Sticks to Snakes               Transmutation                2
   c - Spider Form                    Transmutation/Poison         3
   d - Ice Form                       Ice/Transmutation            4
   e - Blade Hands                    Transmutation                5
Comestibles
 c - 3 bread rations
 d - a meat ration
 m - 2 chunks of flesh


   Skills:
 - Level 1.0 Fighting
 - Level 2.0 Dodging
 - Level 3.0 Unarmed Combat
 - Level 2.0 Spellcasting
 * Level 4.0 Transmutations


You had 2 spell levels left.
You knew the following spells:

 Your Spells              Type           Power        Failure   Level  Hunger
a - Beastly Appendage     Trmt           ##....       4%          1    #......
b - Spider Form           Trmt/Pois      #.........   30%         3    ###....


Dungeon Overview and Level Annotations

Branches:
Dungeon (2/15)

Altars:
Ashenzari


Innate Abilities, Weirdness & Mutations

You cannot wear most types of armour.
You are amphibious.
You can wear up to eight rings at the same time.
You can use your tentacles to constrict eight enemies at once.
Your skin changes colour to match your surroundings (Stealth).
Your rubbery body absorbs attacks (AC +1).


Message History

The adder is moderately wounded.
You constrict the adder.
You feel sick. The adder bites you.
* * * LOW HITPOINT WARNING * * *
You hit the adder but do no damage. You squeeze the adder.
You kill the adder!
Your Transmutations skill increases to level 4!
* * * LOW HITPOINT WARNING * * *
You feel sick.
* * * LOW HITPOINT WARNING * * *
You feel sick.
Drink which item? (? for menu, Esc to quit)
It was a potion of cure mutation.
It has a very clean taste.
* * * LOW HITPOINT WARNING * * *
You feel sick.
* * * LOW HITPOINT WARNING * * *
You feel sick.
There is a lethal amount of poison in your body!
There is a lethal amount of poison in your body!
There is a lethal amount of poison in your body!
You die...

.#. ...# #. #.. ...# #.
#..##...# #. #..#....# ##
#..#.#..# ######
#.......# #.....
#####......## #.####
.........### ######.....
#.###.#.@######........##
#.#.....รท...####.#...
..#.######### #.#### #.
#.# #.. . #. #.# #... .
..# ###### ###


There were no monsters in sight!

Vanquished Creatures
  A gnoll (D:1)
  An adder (D:2)
  A worm (D:2)
  2 dart slugs (D:1)
  9 bats (D:1)
  4 hobgoblins (D:1)
  2 kobolds (D:1)
  A quokka (D:2)
  A ball python (D:1)
  3 goblins (D:1)
  2 rats (D:1)
27 creatures vanquished.

Notes
Turn   | Place    | Note
--------------------------------------------------------------
     0 | D:1      | Nordron the Octopode Transmuter began the quest for the Orb.
     0 | D:1      | Reached XP level 1. HP: 13/13 MP: 3/3
    95 | D:1      | Found a shattered altar of Ashenzari.
   108 | D:1      | Reached XP level 2. HP: 5/18 MP: 3/5
   452 | D:1      | Reached skill level 3 in Transmutations
   612 | D:1      | Reached XP level 3. HP: 11/23 MP: 4/6
  1394 | D:1      | Learned a level 3 spell: Spider Form
  1458 | D:2      | Reached skill level 4 in Transmutations
  1462 | D:2      | HP: 1/23 [poisoned by an adder]
  1464 | D:2      | Succumbed to an adder's poison

Skill      XL: |  1  2  3 |
---------------+----------+-----
Transmutations | 3 4 |  4.0
Fighting       | |  1.0
Dodging        | |  2.0
Unarmed Combat | |  3.0
Spellcasting   | |  2.0

Action                   || total
-------------------------++-------
Melee: Unarmed           ||    51
       Constrict         ||    22
       Punch             ||     3
       Kick              ||     9
       Tentacles         ||     4
       Spear             ||    35
 Cast: Beastly Appendage ||    16
  Use: Potion            ||     1
 Stab: Sleeping          ||     5
  Eat: Chunk             ||     2
Armor: Skin              ||    17
Dodge: Dodged            ||    57
